 Dungeon Crawl Stone Soup version 0.29.1-1-gd02db6906a (webtiles) character file.

Game seed: 6669538951396993301

5411 Ijustatesigmund the Fighter (level 10, -6/68 HPs)
             Began as a Gargoyle Fighter on Sept 16, 2022.
             Was a Believer of Cheibriados.
             Mangled by a black mamba (12 damage)
             ... on level 1 of the Lair of Beasts.
             The game lasted 00:15:35 (10473 turns).

Ijustatesigmund the Fighter (Gargoyle Fighter)     Turns: 10473, Time: 00:15:36

Health: -6/68      AC: 20    Str: 26    XL:     10   Next: 67%
Magic:  14/14      EV:  8    Int: 15    God:    Cheibriados [**....]
Gold:   97         SH:  6    Dex: 13    Spells: 9/9 levels left

rFire   . . .      SeeInvis +   z - +4 morningstar (flame)
rCold   . . .      Faith    .   c - +0 buckler
rNeg    + + .      Spirit   .   b - +0 chain mail
rPois   ∞          Reflect  .   (no helmet)
rElec   +          Harm     .   (no cloak)
rCorr   .          Rampage  .   w - +0 pair of gloves
Will    .....                   v - +0 pair of boots
Stlth   ..........              (no amulet)
HPRegen 0.21/turn               f - ring of see invisible
MPRegen 0.14/turn               m - ring of positive energy

@: very slow
A: sickness immunity, AC +7, negative energy resistance 1, electricity
resistance, torment resistance 1, petrification resistance
a: Renounce Religion, Bend Time


You were on level 1 of the Lair of Beasts.
You worshipped Cheibriados.
Cheibriados was pleased with you.
You visited 3 branches of the dungeon, and saw 11 of its levels.

You collected 501 gold pieces.
You spent 404 gold pieces at shops.

Inventory:

Hand Weapons
 a - a +1 flail of protection
 i - a +1 morningstar
 z - a +4 morningstar of flaming (weapon)
Armour
 b - a +0 chain mail (worn)
 c - a +0 buckler (worn)
 v - a +0 pair of boots (worn)
 w - a +0 pair of gloves (worn)
Jewellery
 f - a ring of see invisible (left hand)
 k - a ring of ice
 m - a ring of positive energy (right hand)
Wands
 t - a wand of polymorph (4)
 u - a wand of paralysis (7)
Scrolls
 e - a scroll of teleportation
Potions
 d - 3 potions of brilliance
 g - a potion of ambrosia
 j - 2 potions of resistance
 l - 4 potions of curing
 n - 2 potions of mutation
 p - a potion of attraction {unknown}
 q - 3 potions of magic {unknown}
 r - a potion of flight {unknown}
 s - a potion of lignification {unknown}
 A - 2 potions of cancellation


   Skills:
 + Level 10.1 Fighting
 + Level 8.9 Maces & Flails
 - Level 6.6 Armour
 + Level 7.5 Shields
 + Level 5.6 Invocations


You had 9 spell levels left.
You didn't know any spells.
Your spell library contained the following spells:

 Spells                   Type           Power      Damage    Failure   Level
 Magic Dart               Conj           0%         1d3       88%         1
 Necrotise                Necr           0%         1d4       88%         1
 Searing Ray              Conj           0%         2d4       96%         2
 Conjure Flame            Conj/Fire      0%         6-21      99%         3
 Ignite Poison            Fire/Tmut/Pois 0%         N/A       99%         3
 Vampiric Draining        Necr           0%         2d6       99%         3
 Fulminant Prism          Conj/Hex       0%         3d6       100%        4
 Sticky Flame             Conj/Fire      0%         2d3       100%        4
 Agony                    Necr           0%         N/A       100%        5


Dungeon Overview and Level Annotations

Branches:
Dungeon (9/15)             Temple (1/1) D:5            Lair (1/5) D:9
    Orc: D:9-12

Altars:
Ashenzari
Cheibriados
Elyvilon
Fedhas
Gozag
Hepliaklqana
Kikubaaqudgha
Makhleb
Nemelex Xobeh
Okawaru
Qazlal
Ru
Sif Muna
Trog
Uskayaw
Wu Jian
Xom
Yredelemnul
Zin
The Shining One

Shops:
D:4 *


Innate Abilities, Weirdness & Mutations

You are immune to sickness and miasma.
Your stone body is resilient. (AC +7)
You are immune to poison.
You resist negative energy. (rN+)
You are resistant to electric shocks. (rElec)
You are resistant to unholy torment.
You are immune to petrification.


Message History

* * * LOW HITPOINT WARNING * * *
You hit the bullfrog. You burn the bullfrog.
The bullfrog is lightly wounded.
The bullfrog hits you.
* * * LOW HITPOINT WARNING * * *
You closely miss the bullfrog.
The bullfrog is lightly wounded.
The bullfrog hits you but does no damage.
The bullfrog barely misses you.
You feel better. The bullfrog barely misses you.
You closely miss the bullfrog.
The bullfrog is lightly wounded.
The bullfrog hits you but does no damage. x2
You barely miss the bullfrog.
The bullfrog is lightly wounded.
The bullfrog hits you but does no damage.
You puncture the bullfrog! You burn the bullfrog.
The bullfrog is almost dead.
The bullfrog hits you but does no damage. x2
You puncture the bullfrog! You burn the bullfrog.
You kill the bullfrog!
Cheibriados thoroughly appreciates the change of pace.
You see here a bullfrog corpse.
As you read the scroll of magic mapping, it crumbles to dust.
You feel aware of your surroundings.
You sensed 1 shop/portal.
Found a stone staircase leading down.
You hear the slow rumble of a very distant avalanche of rocks.
The black mamba hisses angrily.
The black mamba bites you but does no damage.
You miss the black mamba.
The black mamba bites you but does no damage.
You closely miss the black mamba.
The black mamba bites you but does no damage. x2
You barely miss the black mamba. The black mamba bites you.
The black mamba bites you!
* * * LOW HITPOINT WARNING * * *
You closely miss the black mamba. The black mamba bites you.
* * * LOW HITPOINT WARNING * * *
The black mamba closely misses you. The black mamba bites you!
You die...

*,,,,,,,,,,,,,,,,,,,,** *,,,
****,,,,,,..........,,,,,* *,,,
,,**,,,,,,,........#**,*** *,,,
,,,,,,,,,,,,.......# *** *,,,
,,,,,,,,,,**#......# *** *,,,
,,,,,****** #......####P******,,,
,,,,** ##...........,,,,,,,,,
,,,,** #....S.......,,,,,,,,,
,,,,,* *#...@.......,,,,,,,,,
,,,,** ######>..........,,,,,,,,,
,,,,,*##.......P##.#.###,****,,,,
,,,,**#.......###*##*# *** **,,,,
,,,,* ##......# **# *,,,,, ,,,,*
#.......########.##* **,,,, ,,,,*
##.................** *,,,, ,,,,*
#........†........,* *,,,, ,,,,*
*#........†........** *,,,,


You could see a black mamba.

Vanquished Creatures
  A death yak (D:9)
  An unseen horror (D:7)
  Psyche (D:7)
  Prince Ribbit (D:7)
  Grinder (D:3)
  Sigmund (D:4)
  6 yaks
  Menkaure (D:7)
  A water moccasin (Lair:1)
  Pargi (D:4)
  An orc warrior (D:7)
  2 sky beasts (D:7)
  2 ice beasts (D:7)
  2 ogres (D:6)
  3 centaurs
  A phantom (D:7)
  3 bullfrogs
  A necrophage (D:5)
  3 scorpions
  A gnoll sergeant (D:5)
  3 wights
  5 howler monkeys
  7 hounds
  2 jellies
  An orc priest (D:4)
  A gnoll bouda (D:8)
  2 iguanas
  2 orc wizards
  11 adders
  12 gnolls
  3 shadow imps
  A white imp (D:8)
  An ufetubus (D:5)
  4 dart slugs
  22 orcs
  8 ball pythons
  5 bats
  11 endoplasms
  A giant cockroach (D:4)
  12 goblins
  7 hobgoblins
  6 jackals
  3 quokkas
  2 frilled lizards
  5 kobolds
  5 rats
176 creatures vanquished.

Vanquished Creatures (others)
  2 gnolls (D:8)
  A river rat (D:9)
  An orc (D:8)
  A rat (D:9)
5 creatures vanquished.

Grand Total: 181 creatures vanquished

Notes
Turn   | Place    | Note
-------+----------+-------------------------------------------
     0 | D:1      | Ijustatesigmund the Gargoyle Fighter began the quest for
                  | the Orb.
     0 | D:1      | Reached XP level 1. HP: 14/14 MP: 1/1
    22 | D:1      | Reached XP level 2. HP: 20/20 MP: 2/2
   307 | D:1      | Reached XP level 3. HP: 24/24 MP: 3/3
   313 | D:1      | Reached skill level 4 in Fighting
  1674 | D:2      | Reached XP level 4. HP: 30/30 MP: 4/4
  1777 | D:2      | Found an ornate altar of the Wu Jian Council.
  2441 | D:3      | Found a basalt altar of Yredelemnul.
  2589 | D:3      | Found a burning altar of Makhleb.
  2591 | D:3      | Noticed Grinder
  2596 | D:3      | Paralysed by Grinder for 2 turns
  2597 | D:3      | Reached XP level 5. HP: 33/34 MP: 5/5
  2620 | D:3      | Paralysed by Grinder for 3 turns
  2625 | D:3      | Killed Grinder
  2626 | D:3      | Reached skill level 5 in Fighting
  2626 | D:3      | Reached XP level 6. HP: 30/40 MP: 6/6
  3350 | D:4      | Noticed Sigmund
  3376 | D:4      | Killed Sigmund
  3377 | D:4      | Reached skill level 6 in Fighting
  3377 | D:4      | Reached skill level 5 in Armour
  3377 | D:4      | Reached XP level 7. HP: 33/46 MP: 7/7
  3474 | D:4      | Reached skill level 5 in Maces & Flails
  3889 | D:4      | Noticed Pargi
  3898 | D:4      | Killed Pargi
  3923 | D:4      | Found Yneaff's Assorted Antiques.
  3926 | D:4      | Found a hazy altar of Hepliaklqana.
  3927 | D:4      | Bought a pair of fading gloves for 190 gold pieces
  3927 | D:4      | Identified the +0 pair of gloves of the Heron {Rampage
                  | Will- Int+7 Dex-3} (You bought it in a shop on level 4 of
                  | the Dungeon)
  3927 | D:4      | Bought a murky amethyst potion for 18 gold pieces
  3927 | D:4      | Bought an emerald potion for 18 gold pieces
  3927 | D:4      | Bought a cyan potion for 18 gold pieces
  4562 | D:5      | Entered Level 5 of the Dungeon
  4612 | D:5      | Reached XP level 8. HP: 36/52 MP: 8/8
  5187 | D:5      | Reached skill level 7 in Fighting
  5571 | D:5      | Found a white marble altar of Elyvilon.
  5575 | D:5      | Noticed a yak
  5602 | D:5      | Killed a yak
  5764 | D:5      | Noticed a yak
  5777 | D:5      | Killed a yak
  5889 | D:5      | Noticed a yak
  5911 | D:5      | Killed a yak
  6363 | D:5      | Found a staircase to the Ecumenical Temple.
  6537 | D:5      | Reached skill level 8 in Fighting
  6537 | D:5      | Reached XP level 9. HP: 30/59 MP: 9/9
  6994 | Temple   | Entered the Ecumenical Temple
  7080 | Temple   | Became a worshipper of Cheibriados the Contemplative
  7288 | D:6      | Reached skill level 5 in Shields
  7288 | D:6      | Reached skill level 1 in Invocations
  7607 | D:7      | Found a shimmering altar of Xom.
  7608 | D:7      | Found a glowing golden altar of the Shining One.
  7648 | D:7      | Noticed Prince Ribbit
  7799 | D:7      | Noticed Menkaure
  7804 | D:7      | Killed Menkaure
  8119 | D:7      | Reached * piety under Cheibriados
  8322 | D:7      | Killed Prince Ribbit
  8323 | D:7      | Reached skill level 9 in Fighting
  8330 | D:7      | Noticed an unseen horror
  8352 | D:7      | Killed an unseen horror
  8707 | D:7      | Reached XP level 10. HP: 65/66 MP: 12/12
  8994 | D:8      | Noticed Psyche
  9003 | D:8      | Noticed a two-headed ogre
  9010 | D:8      | Banished a two-headed ogre
  9032 | D:7      | Killed Psyche
  9647 | D:8      | Reached ** piety under Cheibriados
  9648 | D:8      | Reached skill level 5 in Invocations
  9902 | D:4      | Bought a scroll labelled ICILAM FISIE for 20 gold pieces
  9902 | D:4      | Bought a glowing morningstar for 140 gold pieces
 10401 | D:9      | Found a staircase to the Lair.
 10401 | D:9      | Noticed a death yak
 10401 | D:9      | Noticed a death yak
 10407 | D:9      | Noticed a death yak
 10414 | D:9      | Killed a death yak
 10415 | D:9      | Reached skill level 10 in Fighting
 10421 | Lair:1   | Entered Level 1 of the Lair of Beasts
 10425 | Lair:1   | Noticed a six-headed hydra
 10441 | Lair:1   | HP: 3/68 [water moccasin (7)]
 10450 | Lair:1   | Noticed a black mamba
 10473 | Lair:1   | Mangled by a black mamba

Illustrated notes

Levels and vault maps discovered:
D:1:      minmay_arrival_solitary_statue, layout_loops_corners
D:2:      layout_loops_ring, basic_altar
D:3:      layout_loops_ring, yredelemnul_altar_generic,
          mainiacjoe_overflow_paths, serial_bayou_pond_e, uniq_grinder
D:4:      layout_basic, old_standard_altar, serial_co_window_serial,
          co_window_corner_a, co_window_paths_b, co_window_paths_b,
          co_window_paths_b, co_window_paths_b, co_window_paths_a,
          co_window_corner_a, co_window_of_opportunity_a, co_window_corner_a,
          co_window_paths_c, co_window_of_opportunity_c, co_window_broadway_c,
          co_window_of_opportunity_b, co_window_of_opportunity_c,
          glass_columns_b, glass_columns_a, glass_columns_b, glass_columns_b,
          serial_shops, shop, hex_medium, uniq_sigmund, uniq_pargi
D:5:      layout_basic, elyvilon_altar_1, minmay_temple_entry_sparse_star
D:6:      layout_rooms
D:7:      layout_gridville, gammafunk_temple_overflow_pools,
          kennysheep_opposing_triangles, uniq_prince_ribbit1, uniq_menkaure
D:8:      layout_basic, nicolae_titane, uniq_psyche
D:9:      layout_gridville, dpeg_lair_monsters
Temple:   compressed_dpeg_circular_temple
Lair:1:   layout_cellular_growth, lightli_volcano_entry_magma_tube,
          grunt_megastairs_4

Skill      XL: |  1  2  3  4  5  6  7  8  9 10 |
---------------+-------------------------------+-----
Fighting       | 4 5 6 8 9 10 | 10.1
Maces & Flails | 3 4 5 6 8 |  8.9
Armour         | 4 5 6 |  6.6
Shields        | 4 6 7 |  7.5
Invocations    | 3 5 |  5.6

Action                   |  1- 3 |  4- 6 |  7- 9 | 10-12 || total
-------------------------+-------+-------+-------+-------++-------
Melee: Flail             |    96 |   139 |   388 |   169 ||   792
       Unarmed           |       |       |     8 |     1 ||     9
       Morningstar       |       |       |       |    38 ||    38
Evoke: Wand              |       |       |     2 |       ||     2
  Use: Scroll            |     4 |     5 |     5 |     6 ||    20
       Potion            |       |     5 |       |     4 ||     9
 Stab: Paralysed         |       |       |     1 |       ||     1
Armor: Scale mail        |    27 |       |       |       ||    27
       Chain mail        |    16 |    83 |   298 |   135 ||   532
       Skin              |       |       |       |     4 ||     4
Dodge: Dodged            |    48 |    39 |   166 |    91 ||   344
Block: Buckler           |    15 |    32 |    83 |    52 ||   182
